 Dungeon Crawl Stone Soup version 0.17-a0-1635-gd4e48f1 (webtiles) character file.

13839 ololoev the Destroyer (level 11, -2/86 HPs)
             Began as a Red Draconian Air Elementalist on Aug 4, 2015.
             Was an Elder of Elyvilon.
             Slain by an ogre
             ... wielding a +0 giant club
              (13 damage)
             ... on level 11 of the Dungeon.
             The game lasted 01:16:58 (16221 turns).

ololoev the Destroyer (DrAE)                       Turns: 16221, Time: 01:16:59

Health: -2/86      AC: 10    Str: 10    XL:     11   Next: 80%
Magic:  9/18       EV: 16    Int: 22    God:    Elyvilon [****..]
Gold:   289        SH:  0    Dex: 12    Spells: 5 memorised, 5 levels left

rFire  + . .     SeeInvis +     l - +2 long sword of Maehacic {elec, rElec Int+3}
rCold  . . .     Clarity  .     (armour unavailable)
rNeg   . . .     SustAt   .     (no shield)
rPois  .         Gourm    .     (helmet restricted)
rElec  +         Spirit   .     E - +2 cloak
rCorr  .         Warding  .     (no gloves)
rMut   .         Stasis   .     (no boots)
MR     .....                    (no amulet)
Stlth  ++........               n - ring of see invisible
                                D - +2 ring of evasion

@: short of breath, not resistant to hostile enchantments, unstealthy
A: breathe fire, unfitting armour, fire resistance 1, cold-blooded, AC +7
a: Breathe Fire, Lesser Healing, Divine Protection, Heal Other, Purification,
Greater Healing, Renounce Religion


Innate Abilities, Weirdness & Mutations

You can breathe blasts of fire.
Your fiery red scales are hard (AC +7).
Your body does not fit into most forms of armour.
Your flesh is heat resistant.
You are cold-blooded and may be slowed by cold attacks.

Inventory:

Hand weapons
 l - the +2 long sword of Maehacic (weapon) {elec, rElec Int+3}
   (You bought it in a shop on level 9 of the Dungeon)

   Occasionally, upon striking a foe, it will discharge some electrical energy
   and cause terrible harm.
   It affects your intelligence (+3).
   It insulates you from electricity.
Armour
 E - a +2 cloak (worn)
Jewellery
 n - a ring of see invisible (right hand)
 t - an uncursed ring of ice
 D - a +2 ring of evasion (left hand)
Magical devices
 r - a wand of disintegration (3)
 y - a wand of fireball (12)
Scrolls
 c - 5 scrolls of remove curse
 e - 2 scrolls of enchant armour
 f - 9 scrolls of teleportation
 j - 3 scrolls of fog
 k - 2 scrolls of immolation
 v - a scroll of blinking
Potions
 b - a potion of experience {unknown}
 h - 3 potions of cure mutation
 p - a potion of flight
 s - a potion of cancellation
 u - a potion of magic
 x - 2 potions of ambrosia
 B - 2 potions of brilliance
 C - 2 potions of lignification
 F - a potion of resistance
Books
 o - a book of Air

   Spells                             Type                      Level
   a - Shock                          Conjuration/Air              1
   b - Swiftness                      Charms/Air                   2
   c - Repel Missiles                 Charms/Air                   2
   d - Static Discharge               Conjuration/Air              3
   e - Lightning Bolt                 Conjuration/Air              5
 A - a book of the Sky

   Spells                             Type                      Level
   a - Summon Lightning Spire         Summoning/Air                4
   b - Airstrike                      Air                          4
   c - Silence                        Hexes/Air                    5
   d - Deflect Missiles               Charms/Air                   6
   e - Conjure Ball Lightning         Conjuration/Air              6
   f - Tornado                        Air                          9
Comestibles
 a - a chunk of flesh
 d - 10 bread rations
 g - a meat ration
 m - 3 beef jerkies
 z - 2 slices of pizza


   Skills:
 - Level 5.0 Fighting
 - Level 4.8 Dodging
 - Level 1.7 Stealth
 + Level 4.7 Spellcasting
 + Level 12.1 Conjurations
 * Level 11.2 Air Magic
 - Level 6.0 Invocations


You had 5 spell levels left.
You knew the following spells:

 Your Spells              Type           Power        Failure   Level  Hunger
a - Shock                 Conj/Air       ####         1%          1    None
b - Repel Missiles        Chrm/Air       ####..       1%          2    None
c - Swiftness             Chrm/Air       ####....     1%          2    None
d - Lightning Bolt        Conj/Air       ######....   2%          5    #####..
e - Airstrike             Air            ######....   1%          4    ####...


You were on level 11 of the Dungeon.
You worshipped Elyvilon.
Elyvilon was greatly pleased with you.
You were hungry.

You visited 2 branches of the dungeon, and saw 12 of its levels.
You also visited: Bailey and Volcano.

You collected 984 gold pieces.
You spent 695 gold pieces at shops.

##......§....
#.....#####.
##....## #####.....#
#.........#
#....#...o## .#
###..###..§## .#
#..# ##..)## #. ####
###O@## .# #.
##..######.# ..#
##........## ###.#
#..#......# ####...#
#..####...#..#
#......# #..##
#...## #....## ##..#
##...# #....#####..#
##....#
#.....##...###....##

Notes
Turn   | Place    | Note
--------------------------------------------------------------
     0 | D:1      | ololoev the Draconian Air Elementalist began the quest for the Orb.
     0 | D:1      | Reached XP level 1. HP: 14/14 MP: 3/3
   158 | D:1      | Reached XP level 2. HP: 20/20 MP: 0/5
   788 | D:1      | Reached XP level 3. HP: 26/26 MP: 2/6
   792 | D:1      | Learned a level 2 spell: Repel Missiles
  1174 | D:2      | Found a faded altar to an unknown god.
  2212 | D:2      | Reached XP level 4. HP: 27/33 MP: 3/8
  2343 | D:2      | Found a shadowy altar of Dithmenos.
  3513 | D:3      | Noticed Ijyb
  3525 | D:3      | Killed Ijyb
  3525 | D:3      | Reached XP level 5. HP: 31/38 MP: 7/9
  3770 | D:4      | Learned a level 2 spell: Swiftness
  3783 | D:4      | Reached skill level 4 in Conjurations
  3999 | D:4      | Noticed ololoev's ghost (average DrWr)
  4041 | D:4      | Killed ololoev's ghost
  4041 | D:4      | Reached skill level 5 in Conjurations
  4041 | D:4      | Reached XP level 6. HP: 45/45 MP: 1/10
  4374 | D:4      | Reached skill level 5 in Air Magic
  4628 | D:4      | Your scales start taking on a fiery red colour.
  4628 | D:4      | Gained mutation: Your flesh is heat resistant. [Red Draconian growth]
  4628 | D:4      | Reached XP level 7. HP: 50/50 MP: 6/11
  5244 | D:4      | Reached skill level 6 in Conjurations
  5409 | D:5      | Entered Level 5 of the Dungeon
  5444 | D:5      | Noticed Blork the orc
  5450 | D:5      | Killed Blork the orc
  5646 | D:2      | Became a worshipper of Elyvilon the Healer
  5646 | D:2      | Acquired Elyvilon's first power
  6222 | D:5      | Reached skill level 7 in Conjurations
  6222 | D:5      | Reached XP level 8. HP: 53/57 MP: 12/12
  6480 | D:5      | Found a glowing golden altar of the Shining One.
  6907 | D:5      | Found a shimmering altar of Xom.
  7296 | D:6      | Noticed Pikel
  7312 | D:6      | Killed Pikel
  7312 | D:6      | Reached skill level 8 in Conjurations
  7372 | D:6      | Acquired Elyvilon's second power
  7616 | D:6      | Found a staircase to the Ecumenical Temple.
  7686 | D:6      | Noticed Sigmund
  7886 | D:6      | Killed Sigmund
  7886 | D:6      | Reached XP level 9. HP: 62/62 MP: 11/13
  7941 | D:6      | Reached skill level 9 in Conjurations
  8250 | D:7      | Gained mutation: You are frail (-10% HP). [potion of mutation]
  8250 | D:7      | Gained mutation: You have large cloven feet. [potion of mutation]
  8250 | D:7      | Gained mutation: You are clumsy. (Dex -2) [potion of mutation]
  8251 | D:7      | Lost mutation: You are clumsy. (Dex -2) [potion of cure mutation]
  8251 | D:7      | Lost mutation: You are frail (-10% HP). [potion of cure mutation]
  8251 | D:7      | Lost mutation: You have large cloven feet. [potion of cure mutation]
  8595 | D:7      | Noticed Duvessa
  8595 | D:7      | Noticed Dowan
  8604 | D:7      | Killed Duvessa
  8607 | D:7      | Killed Dowan
  8657 | D:7      | Found Cuecloef's Assorted Antiques.
  8665 | D:7      | Bought a scroll of identify for 46 gold pieces
  8729 | D:7      | Noticed a hill giant
  8742 | D:7      | Killed a hill giant
  8742 | D:7      | Reached skill level 10 in Conjurations
  8742 | D:7      | Reached skill level 5 in Invocations
  9126 | D:8      | Acquired Elyvilon's third power
  9173 | D:8      | Found a flagged portal.
  9209 | Bailey   | Entered a bailey
  9481 | Bailey   | Noticed an orc knight
  9539 | Bailey   | Killed an orc knight
  9539 | Bailey   | Reached XP level 10. HP: 34/69 MP: 14/14
  9780 | Bailey   | Noticed an orc knight
  9852 | Bailey   | Learned a level 5 spell: Lightning Bolt
  9867 | Bailey   | Noticed an orc knight
  9868 | Bailey   | Noticed an orc knight
 10467 | D:8      | Reached skill level 1 in Fighting
 10576 | D:8      | Found a sparkling altar of Nemelex Xobeh.
 10579 | D:8      | Found a glowing silver altar of Zin.
 10579 | D:8      | Found a shattered altar of Ashenzari.
 10582 | D:8      | Found a sacrificial altar of Ru.
 10870 | D:8      | Reached skill level 11 in Conjurations
 10915 | D:8      | Found a staircase to the Lair.
 10986 | D:8      | Found a deep blue altar of Sif Muna.
 11307 | D:9      | Acquired Elyvilon's fourth power
 11409 | D:9      | Found Izefonish's General Store.
 11417 | D:9      | Bought a scroll of identify for 30 gold pieces
 11418 | D:9      | Bought a potion of resistance for 150 gold pieces
 11533 | D:9      | Found Yjaogun's Assorted Antiques.
 11659 | D:9      | Bought a scroll of identify for 66 gold pieces
 11662 | D:9      | Bought a copper wand for 132 gold pieces
 11662 | D:9      | Bought a scroll labeled BOIWNU NUEMUZYUH for 33 gold pieces
 12112 | D:9      | Found Aczi Jirph's Antique Weapon Emporium.
 12510 | D:10     | Entered Level 10 of the Dungeon
 12527 | D:10     | Noticed a hill giant
 12543 | D:10     | Killed a hill giant
 12674 | D:10     | Reached XP level 11. HP: 85/85 MP: 9/15
 13182 | D:10     | Found a staircase to the Orcish Mines.
 13230 | D:10     | Reached skill level 5 in Fighting
 13236 | D:10     | Learned a level 4 spell: Airstrike
 13809 | Orc:1    | Entered Level 1 of the Orcish Mines
 13857 | Orc:1    | Reached skill level 10 in Air Magic
 14042 | Orc:1    | Found a dark tunnel.
 14042 | Orc:1    | Noticed a lindwurm
 14061 | Orc:1    | Killed a lindwurm
 14176 | Volcano  | Entered a volcano
 14178 | Volcano  | Noticed HEYYEYAAE's ghost (experienced DDCK)
 14219 | Volcano  | HP: 4/86 [human/hammer of flaming (7)]
 14683 | Orc:1    | Paralysed by an orc sorcerer for 3 turns
 15325 | D:9      | Bought an iridescent long sword for 238 gold pieces
 15325 | D:9      | Identified the +2 long sword of Maehacic {elec, rElec Int+3} (You bought it in a shop on level 9 of the Dungeon)
 15506 | D:11     | Noticed a hill giant
 15521 | D:11     | Killed a hill giant
 15521 | D:11     | Reached skill level 12 in Conjurations
 15689 | D:11     | Acquired Elyvilon's fifth power
 16005 | D:11     | Found a corrupted altar of Lugonu.
 16007 | D:11     | Noticed a hell beast
 16154 | D:11     | Noticed a hill giant
 16214 | D:11     | HP: 1/86 [orc priest/divine providence (15)]
 16220 | D:11     | Killed a hill giant
 16221 | D:11     | Slain by an ogre

Dungeon Overview and Level Annotations

Branches:
Dungeon (11/15)            Temple (0/1) D:6            Lair (0/8) D:8
    Orc (1/4) D:10

Altars:
Ashenzari
Dithmenos
Elyvilon
Nemelex Xobeh
Ru
Sif Muna
Xom
Zin
The Shining One
Lugonu

Shops:
D:7 *   D:9 (**


Message History

Aiming: Shock
Press: ? - help, Shift-Dir - straight line The zap hits the hill giant.
The hill giant is severely wounded.
The worker ant barely misses you.
The hill giant is engulfed in roaring flames.
The hill giant hits you with a giant club!!
The iron imp picks up a beetle and eats it.
The worker ant bites you. The orc barely misses you.
The worker ant barely misses you.
The orc priest calls down the wrath of Beogh upon you.
Something smites you!
Use which ability? (? or * to list)
You are healed.
You are feeling hungry.
You can no longer call upon Elyvilon for divine vigour.
The worker ant misses you. The orc completely misses you.
You have got your breath back.
The orc priest mumbles some strange prayers to Beogh against you.
Something smites you!
Use which ability? (? or * to list)
Press: ? - help, Shift-Dir - straight line You breathe a blast of fire.
The fiery breath misses the orc.
The fiery breath hits the hill giant.
You kill the hill giant!
You feel somewhat more hungry. The orc barely misses you.
Unknown command.
Casting: Shock
Confirm with . or Enter, or press ? or * to list all spells.
Aiming: Shock
Press: ? - help, Shift-Dir - straight line The zap hits the orc.
You kill the orc!
The zap hits the worker ant.
You kill the worker ant!
The zap hits the orc priest.
The orc priest is moderately wounded.
The ogre hits you with a giant club!
You die...

You could see an ogre and an orc priest.

Vanquished Creatures
  Pikel (D:6)
  4 hill giants
  2 orc sorcerers (Orc:1)
  A lindwurm (Orc:1)
  An orc knight (Bailey)
  2 ugly things
  A gargoyle (D:10)
  2 trolls
  Sigmund (D:6)
  A spriggan (D:8)
  3 humans
  4 yaks (D:10)
  4 ogres
  The ghost of ololoev the Cudgeler, an average DrWr (D:4)
  A hungry ghost (D:9)
  A water moccasin (D:10)
  Duvessa (D:7)
  2 phantoms
  2 black bears
  2 ice beasts
  7 orc warriors
  A slave (D:6)
  3 sky beasts
  An eye of draining (D:11)
  10 big kobolds
  4 centaurs
  Blork the orc (D:5)
  A crocodile (D:10)
  Dowan (D:7)
  6 giant frogs
  2 scorpions
  2 wyvern skeletons
  4 wights (D:8)
  3 killer bees (D:10)
  A crimson imp (D:8)
  A quasit (D:9)
  A centaur zombie (D:10)
  5 hounds
  3 jellies
  7 centaur skeletons
  5 giant frog skeletons
  9 orc priests
  Ijyb (D:3)
  5 iguanas
  22 orc wizards
  11 worker ants
  2 worker ant zombies
  4 river rats (D:4)
  12 adders
  11 gnolls
  2 adder skeletons
  2 oozes (D:1)
  An adder zombie (D:7)
  5 worms
  7 giant geckos
  91 orcs
  2 ball pythons
  4 giant cockroaches
  14 hobgoblins
  7 jackals
  32 kobolds
  8 bats
  5 giant newts
  20 goblins
  5 quokkas
  2 quokka skeletons (D:4)
  A quokka zombie (D:10)
  7 rats
398 creatures vanquished.

Vanquished Creatures (others)
  2 slaves
  An orc (Orc:1)
3 creatures vanquished.

Grand Total: 401 creatures vanquished

Action                   |  1- 3 |  4- 6 |  7- 9 | 10-12 || total
-------------------------+-------+-------+-------+-------++-------
Melee: Dagger            |    48 |    62 |   157 |   241 ||   508
       Unarmed           |     1 |       |       |       ||     1
       Long sword        |       |       |       |     5 ||     5
 Cast: Shock             |    60 |    94 |   150 |   329 ||   633
       Repel Missiles    |     1 |     2 |     2 |     1 ||     6
       Lightning Bolt    |       |       |       |     4 ||     4
       Airstrike         |       |       |       |    17 ||    17
       Swiftness         |       |       |       |     1 ||     1
Invok: Greater Healing   |       |       |       |     2 ||     2
       Purification      |       |       |       |     1 ||     1
 Abil: Breathe Fire      |       |       |    26 |    32 ||    58
Evoke: Wand              |       |       |       |     7 ||     7
  Use: Scroll            |       |       |    22 |    18 ||    40
       Potion            |       |       |    10 |     2 ||    12
 Stab: Sleeping          |     1 |     1 |     2 |     1 ||     5
       Invisible         |       |       |       |     1 ||     1
  Eat: Chunk             |     4 |     8 |    13 |    26 ||    51
       Bread ration      |       |       |     1 |       ||     1
       Royal jelly       |       |       |     1 |     1 ||     2
       Meat ration       |       |       |       |     1 ||     1

Vault maps used:
D:1:      roderic_chinese_lattice_arrival
D:2:      old_standard_altar, ecumenical_altar_1
D:3:      first_bread, kennysheep_generic_room_3, uniq_iyjb
D:4:      wad_woods_tower
D:5:      tgw_xom, basic_altar, uniq_blork_the_orc
D:6:      minmay_temple_entry_trees, uniq_pikel, uniq_sigmund
D:7:      serial_shops, shop, minivault_11, uniq_duvessa
D:8:      grunt_temple_overflow_open, overflow_temple_1_default, lair_0_dummy,
          special_room, enter_bailey_3, the_bakery
D:9:      serial_shops, nicolae_shop_crystal, nicolae_shop_waterfront, shop
D:11:     lemuel_hellish_altar
Orc:1:    nicolae_volcano_entry_vermiform
Bailey:   bailey_axe_minmay_hex_keep, bailey
Volcano:  volcano_bunker
